 Dungeon Crawl Stone Soup version 0.22.0-75-g3901e7991e (webtiles) character file.

504 JedernureinKreuz the Conjurer (level 7, -10/50 HPs)
             Began as a Gnoll Conjurer on Sept 12, 2018.
             Killed by divine providence
             ... invoked by an orc priest
              (16 damage)
             ... on level 4 of the Dungeon.
             The game lasted 00:11:38 (2495 turns).

JedernureinKreuz the Conjurer (Gnoll Conjurer)      Turns: 2495, Time: 00:11:39

Health: -10/50     AC:  4    Str: 10    XL:     7   Next: 17%
Magic:  6/15       EV: 14    Int: 19    God:
Gold:   204        SH:  0    Dex: 16    Spells: 16/17 levels left

rFire    . . .     SeeInvis .   b - +1 short sword
rCold    . . .     Gourm    .   (no shield)
rNeg     . . .     Faith    .   t - +1 leather armour
rPois    .         Spirit   .   (no helmet)
rElec    .         Reflect  .   (no cloak)
rCorr    .         Harm     .   (no gloves)
MR       .....                  (no boots)
Stlth    +++.......             (no amulet)
HPRegen  0.16/turn              (no ring)
MPRegen  0.14/turn              (no ring)

@: no status effects
A: distributed training, fangs 1, strong nose
a: no special abilities


You were on level 4 of the Dungeon.
You were hungry.

You visited 1 branch of the dungeon, and saw 4 of its levels.

You collected 204 gold pieces.

Inventory:

Hand Weapons
 a - a +2 hunting sling of velocity
 b - a +1 short sword (weapon)
 e - a +2 rapier of speed
 k - a +2 scythe of venom
 s - a +0 dagger
Missiles
 d - 2 curare-tipped needles
 g - 31 bolts
 m - 27 sling bullets
 n - 41 arrows
 p - 65 stones (quivered)
 u - 15 poisoned needles
Armour
 f - a +0 robe
 t - a +1 leather armour (worn)
Scrolls
 h - 3 scrolls of identify
 l - 2 scrolls of enchant weapon
 q - 2 scrolls of immolation {unknown}
 r - a scroll of teleportation {unknown}
 x - a scroll of amnesia
Potions
 i - 2 potions of heal wounds
 j - a potion of resistance {unknown}
 o - a potion of magic {unknown}
 v - a potion of curing {unknown}
Comestibles
 c - 7 rations


   Skills:
 + Level 2.2 Fighting
 + Level 2.2 Short Blades
 + Level 2.2 Long Blades
 + Level 2.2 Axes
 + Level 2.2 Maces & Flails
 + Level 2.2 Polearms
 + Level 2.2 Staves
 + Level 2.2 Slings
 + Level 2.2 Bows
 + Level 2.2 Crossbows
 + Level 2.2 Throwing
 + Level 2.2 Armour
 + Level 5.1 Dodging
 + Level 4.8 Stealth
 + Level 2.2 Shields
 + Level 2.2 Unarmed Combat
 + Level 5.5 Spellcasting
 + Level 7.3 Conjurations
 + Level 1.8 Hexes
 + Level 1.8 Charms
 + Level 1.8 Summonings
 + Level 1.8 Necromancy
 + Level 1.8 Translocations
 + Level 1.8 Transmutations
 + Level 1.8 Fire Magic
 + Level 1.8 Ice Magic
 + Level 1.8 Air Magic
 + Level 1.8 Earth Magic
 + Level 1.8 Poison Magic
 + Level 2.5 Invocations
 + Level 2.2 Evocations


You had 16 spell levels left.
You knew the following spells:

 Your Spells              Type           Power        Failure   Level  Hunger
a - Magic Dart            Conj           ####         1%          1    None

Your spell library contained the following spells:

 Spells                   Type           Power        Failure   Level  Hunger
 Searing Ray              Conj           ####..       1%          2    None
 Dazzling Spray           Conj/Hex       ###...       7%          3    ##.....
 Iskenderun's Mystic Bla  Conj           ####....     8%          4    ####...
 Force Lance              Conj/Tloc      ###.....     22%         4    ####...
 Fulminant Prism          Conj/Hex       ###.......   22%         4    ####...


Dungeon Overview and Level Annotations

Branches:
Dungeon (4/15)
 Temple: D:4-7

Altars:


Innate Abilities, Weirdness & Mutations

Your experience applies equally to all skills.
You have very sharp teeth.
Your uncanny sense of smell can sniff out nearby items.


Message History

Something hits you.
* * * LOW HITPOINT WARNING * * *
Something hits you.
* * * LOW HITPOINT WARNING * * *
You hear some strange, mumbled words.
A puff of flame appears from out of thin air!
The puff of flame hits you!
* * * LOW HITPOINT WARNING * * *
The orc priest mumbles some strange prayers to Beogh against you.
Pain shoots through your body!
* * * LOW HITPOINT WARNING * * *
An orc priest comes into view. It is wielding a flail.
The orc priest looks satisfied for a moment.
The orc priest shouts!
The orc priest begins to cast a cantrip, but forgets the words!
An orc wizard appears from thin air!
Reactivating autopickup.
The orc priest calls down the wrath of Beogh upon you.
Beogh smites you!
You die...

.............#
.............# ..
....##......##....
.#+# #..os.o##....
##.[..........#
#.............+
#...[o..##....#
#........######
###..@...#
#.....## #....)..#
#.......# ∆
+.......#
#.......#
#.......#
##.....##


You could see a scorpion, 2 orc priests and an orc wizard.

Vanquished Creatures
  Sigmund (D:3)
  A phantom (D:2)
  An orc wizard (D:4)
  A hound (D:4)
  An orc priest (D:4)
  Jessica (D:3)
  8 adders
  A gnoll (D:1)
  2 worms
  A dart slug (D:1)
  4 leopard geckos
  4 orcs
  4 giant cockroaches
  9 goblins
  A hobgoblin (D:1)
  3 jackals (D:3)
  4 kobolds
  4 quokkas (D:3)
  2 ball pythons (D:3)
  3 bats
  2 frilled lizards
  5 rats
63 creatures vanquished.

Notes
Turn   | Place    | Note
-------+----------+-------------------------------------------
     0 | D:1      | JedernureinKreuz the Gnoll Conjurer began the quest for the
                  | Orb.
     0 | D:1      | Reached XP level 1. HP: 13/13 MP: 6/6
   254 | D:1      | Reached XP level 2. HP: 17/20 MP: 7/7
   508 | D:2      | Reached XP level 3. HP: 25/25 MP: 9/9
   557 | D:2      | Reached skill level 5 in Spellcasting
   565 | D:2      | Noticed a phantom
   583 | D:2      | Killed a phantom
   583 | D:2      | Reached skill level 1 in Fighting
   583 | D:2      | Reached skill level 1 in Short Blades
   583 | D:2      | Reached skill level 1 in Long Blades
   583 | D:2      | Reached skill level 1 in Axes
   583 | D:2      | Reached skill level 1 in Maces & Flails
   583 | D:2      | Reached skill level 1 in Polearms
   583 | D:2      | Reached skill level 1 in Staves
   583 | D:2      | Reached skill level 1 in Slings
   583 | D:2      | Reached skill level 1 in Bows
   583 | D:2      | Reached skill level 1 in Crossbows
   583 | D:2      | Reached skill level 1 in Throwing
   583 | D:2      | Reached skill level 1 in Armour
   583 | D:2      | Reached skill level 1 in Shields
   583 | D:2      | Reached skill level 1 in Unarmed Combat
   583 | D:2      | Reached skill level 1 in Hexes
   583 | D:2      | Reached skill level 1 in Charms
   583 | D:2      | Reached skill level 1 in Summonings
   583 | D:2      | Reached skill level 1 in Necromancy
   583 | D:2      | Reached skill level 1 in Translocations
   583 | D:2      | Reached skill level 1 in Transmutations
   583 | D:2      | Reached skill level 1 in Fire Magic
   583 | D:2      | Reached skill level 1 in Ice Magic
   583 | D:2      | Reached skill level 1 in Air Magic
   583 | D:2      | Reached skill level 1 in Earth Magic
   583 | D:2      | Reached skill level 1 in Poison Magic
   583 | D:2      | Reached skill level 1 in Invocations
   583 | D:2      | Reached skill level 1 in Evocations
   583 | D:2      | Reached XP level 4. HP: 15/32 MP: 2/11
   583 | D:2      | Reached XP level 5. HP: 17/37 MP: 2/12
   984 | D:2      | HP: 1/37 [poisoned by an adder]
  1527 | D:3      | Noticed Jessica
  1552 | D:3      | Killed Jessica
  1603 | D:3      | Noticed Sigmund
  1724 | D:3      | Killed Sigmund
  1724 | D:3      | Reached skill level 5 in Dodging
  1724 | D:3      | Reached XP level 6. HP: 42/44 MP: 5/14
  2439 | D:4      | Reached XP level 7. HP: 45/50 MP: 9/15
  2495 | D:4      | Killed from afar by an orc priest

Skill      XL: |  1  2  3  4  5 |
---------------+----------------+-----
Spellcasting   | 5 |  5.5
Fighting       | 1 2 |  2.2
Short Blades   | 1 2 |  2.2
Long Blades    | 1 2 |  2.2
Axes           | 1 2 |  2.2
Maces & Flails | 1 2 |  2.2
Polearms       | 1 2 |  2.2
Staves         | 1 2 |  2.2
Slings         | 1 2 |  2.2
Bows           | 1 2 |  2.2
Crossbows      | 1 2 |  2.2
Throwing       | 1 2 |  2.2
Armour         | 1 2 |  2.2
Shields        | 1 2 |  2.2
Unarmed Combat | 1 2 |  2.2
Hexes          | 1 |  1.8
Charms         | 1 |  1.8
Summonings     | 1 |  1.8
Necromancy     | 1 |  1.8
Translocations | 1 |  1.8
Transmutations | 1 |  1.8
Fire Magic     | 1 |  1.8
Ice Magic      | 1 |  1.8
Air Magic      | 1 |  1.8
Earth Magic    | 1 |  1.8
Poison Magic   | 1 |  1.8
Invocations    | 1 2 |  2.5
Evocations     | 1 2 |  2.2
Dodging        | 5 |  5.1
Stealth        | |  4.8
Conjurations   | |  7.3

Action                   |  1- 3 |  4- 6 |  7- 9 || total
-------------------------+-------+-------+-------++-------
Melee: Unarmed           |     2 |       |       ||     2
       Short sword       |       |    32 |    19 ||    51
       Dagger            |       |     4 |       ||     4
       Bite              |       |     2 |     2 ||     4
       Punch             |       |     2 |       ||     2
 Fire: Hunting sling     |    39 |     1 |       ||    40
Throw: Stone             |       |       |     5 ||     5
 Cast: Magic Dart        |    10 |    75 |    12 ||    97
  Use: Scroll            |       |     5 |       ||     5
 Stab: Sleeping          |       |     4 |       ||     4
  Eat: Chunk             |       |     4 |       ||     4
Armor: Robe              |     1 |       |       ||     1
       Leather armour    |     1 |     6 |     5 ||    12
Dodge: Dodged            |     5 |    38 |     6 ||    49
